 Dungeon Crawl Stone Soup version 0.30-a0-596-g0af90f9a20 (webtiles) character file.

Game seed: 10708552487900695190

7737 drugrobin the Martial Artist (level 10, -6/86 HPs)
             Began as a Demigod Delver on Jan 6, 2023.
             Mangled by Harold
             ... wielding a +0 dire flail
              (24 damage)
             ... on level 10 of the Dungeon.
             The game lasted 00:41:45 (11609 turns).

drugrobin the Martial Artist (Demigod Delver)      Turns: 11609, Time: 00:41:45

Health: -6/86      AC:  7    Str: 21    XL:     10   Next: 69%
Magic:  13/13      EV: 18    Int: 12    God:
Gold:   879        SH:  0    Dex: 29    Spells: 7/9 levels left

rFire   . . .      SeeInvis .      - Unarmed
rCold   . . .      Faith    .    (no shield)
rNeg    . . .      Spirit   .    g - +1 robe "Xikuwaa" {rCorr Str+4}
rPois   .          Reflect  .    z - +0 helmet
rElec   .          Harm     .    (no cloak)
rCorr   +          Rampage  .    p - +1 pair of gloves
Will    +....                    K - +0 pair of boots
Stlth   ++++                     (no amulet)
HPRegen 0.34/turn                t - +5 ring of evasion
MPRegen 0.13/turn                j - +6 ring of dexterity

@: studying Staves
A: high MP 1, forlorn, divine attributes
a: no special abilities


You were on level 10 of the Dungeon.
You visited 1 branch of the dungeon, and saw 10 of its levels.
You also visited: Bailey.

You collected 1124 gold pieces.
You spent 245 gold pieces at shops.

Inventory:

Hand Weapons
 b - the +8 sling of Duty {heavy, rPois}
   (You took it off a gnoll on level 4 of the Dungeon)

   rPois:     It protects you from poison.
 c - a +2 dagger of venom
 d - a +1 dagger of electrocution
Missiles
 u - 17 boomerangs
 w - 33 poisoned darts
 R - 3 throwing nets
 S - 2 curare-tipped darts
Armour
 g - the +1 robe "Xikuwaa" (worn) {rCorr Str+4}
   (You took it off a kobold brigand on level 9 of the Dungeon)

   Str:       It affects your strength (+4).
   rCorr:     It protects you from acid and corrosion.
 l - a +1 robe of willpower
 p - a +1 pair of gloves (worn)
 z - a +0 helmet (worn)
 K - a +0 pair of boots (worn)
 Q - a +1 leather armour of fire resistance
Magical Staves
 e - a staff of earth
Jewellery
 j - a +6 ring of dexterity (right hand)
 t - a +5 ring of evasion (left hand)
 D - a ring of protection from cold
 I - a ring of protection from cold
 M - a ring of protection from fire
 O - a ring of flight
Wands
 f - a wand of digging (5)
 H - a wand of paralysis (6)
Scrolls
 a - a scroll of torment {unknown}
 k - 3 scrolls of vulnerability
 m - 2 scrolls of fog
 n - 5 scrolls of teleportation
 o - 4 scrolls of blinking {unknown}
 q - a scroll of immolation
 r - 2 scrolls of identify
 x - 2 scrolls of fear
 y - 6 scrolls of magic mapping
 G - 2 scrolls of poison
 T - a scroll of silence
Potions
 h - 4 potions of curing
 i - 2 potions of brilliance {unknown}
 s - 2 potions of attraction
 v - 6 potions of flight
 A - a potion of lignification {unknown}
 B - a potion of heal wounds {unknown}
 C - 7 potions of haste
 E - a potion of magic {unknown}
 F - a potion of invisibility {unknown}
 J - 2 potions of berserk rage
 L - a potion of cancellation {unknown}
 N - a potion of experience {unknown}
Miscellaneous
 P - a phial of floods


   Skills:
 + Level 7.2 Fighting
 - Level 1.7 Dodging
 - Level 4.5 Stealth
 * Level 13.5 Unarmed Combat
 - Level 4.0 Evocations


You had 7 spell levels left.
You knew the following spells:

 Your Spells              Type           Power      Damage    Failure   Level
a - Poisonous Vapours     Pois/Air       0%         N/A       45%         2

Your spell library contained the following spells:

 Spells                   Type           Power      Damage    Failure   Level
 Magic Dart               Conj           0%         1d3       32%         1
 Cigotuvi's Dreadful Rot  Necr/Pois/Air  0%         N/A       45%         2
 Searing Ray              Conj           0%         2d4       45%         2
 Static Discharge         Conj/Air       0%         2-2/arc   45%         2
 Dazzling Flash           Conj/Hex       0%         N/A       69%         3
 Hailstorm                Conj/Ice       0%         3d3       69%         3
 Inner Flame              Hex/Fire       0%         N/A       69%         3
 Mephitic Cloud           Conj/Pois/Air  0%         N/A       69%         3
 Summon Guardian Golem    Hex/Summ       0%         N/A       69%         3
 Vhi's Electric Charge    Tloc/Air       0%         N/A       69%         3
 Cause Fear               Hex            0%         N/A       97%         4
 Fulminant Prism          Conj/Hex       0%         3d5       97%         4
 Ice Form                 Ice/Tmut       0%         N/A       97%         4
 Passage of Golubria      Tloc           0%         N/A       97%         4
 Agony                    Necr           0%         N/A       100%        5
 Arcjolt                  Conj/Air       0%         1d10      100%        5
 Lightning Bolt           Conj/Air       0%         1d11      100%        5
 Silence                  Hex/Air        0%         N/A       100%        5
 Summon Forest            Summ/Tloc      0%         N/A       100%        5
 Summon Mana Viper        Hex/Summ       0%         N/A       100%        5
 Simulacrum               Ice/Necr       0%         N/A       100%        6
 Summon Cactus Giant      Summ           0%         N/A       100%        6
 Orb of Destruction       Conj           0%         9d5       100%        7
 Spellforged Servitor     Conj/Summ      0%         N/A       100%        7
 Discord                  Hex            0%         N/A       100%        8
 Lehudib's Crystal Spear  Conj/Erth      0%         10d2      100%        8


Dungeon Overview and Level Annotations

Branches:
Dungeon (10/15)            Temple (0/1) D:5            Lair (0/5) D:8
 Bailey (visited)
    Orc: D:9-12

Shops:
D:9 *

Annotations:
D:1 1 transporter
D:7 3 runed translucent doors, bronco's ghost, novice KoHu
D:10 Harold


Innate Abilities, Weirdness & Mutations

You have an increased reservoir of magic. (+10% MP)
You shall have no god before yourself.
Your divine heritage dramatically boosts your attributes as you level up.


Message History

There is a stone staircase leading up, spattered with blood here.
Harold fires a harpoon shot at you. The harpoon shot hits you!!
You are yanked forward by the harpoon shot.
You hit Harold but do no damage.
Harold is severely wounded.
Harold hits you with a +0 dire flail!
You hit Harold.
Harold is poisoned.
Harold is severely wounded.
Harold hits you with a +0 dire flail!!
You completely miss Harold. Your punch misses Harold.
Harold is severely wounded.
Harold barely misses you.
You hit Harold.
Harold is severely wounded.
Harold misses you.
Your +2 dagger of venom stops dripping with poison.
You are now empty-handed.
Press: ? - help, v - describe, . - travel
Here: Harold, wielding a +0 dire flail and wearing a +0 chain mail (almost dead, very poisoned)
The floor.
Unknown command.
Unknown command.
Unknown command.
Unknown command.
Unknown command.
You hit Harold but do no damage.
Harold is almost dead.
Harold hits you with a +0 dire flail!
* * * LOW HITPOINT WARNING * * *
An orc priest comes into view.
It is wielding a +0 mace and wearing an orb of wrath.
Unknown command.
Unknown command.
Unknown command.
Unknown command.
Unknown command.
You hit Harold but do no damage.
Harold is almost dead.
Harold hits you with a +0 dire flail!!
You die...

.##.##.#.##
.#...#.##.##
##...##.#..##
#.....#.#...##
.............##
..............##
...............##
.!.............@##
......÷..o......@##
#................<##
#......###.###....<#
#......# #.# #...<##
..÷....# #.# #...##
.......# #.# #..##
.......# ... #.##
....... ... ### )..


You could see Harold (very poisoned) and an orc priest.

Vanquished Creatures
  A gargoyle (D:9)
  A kobold demonologist (D:7)
  A hornet (D:7)
  A wraith (D:9)
  4 yaks (D:9)
  A vampire (D:10)
  A wyvern (D:9)
  Menkaure (D:7)
  A vampire mosquito (D:7)
  An acid dragon (D:7)
  8 orc warriors
  3 water moccasins
  2 black bears
  An ice beast (D:7)
  3 sky beasts
  4 ogres
  4 centaurs
  A phantom (D:4)
  4 kobold brigands
  2 bullfrogs
  A gnoll sergeant (D:7)
  2 necrophages
  A scorpion (D:4)
  4 wights (D:8)
  18 killer bees
  10 howler monkeys
  2 jellies (D:5)
  2 hounds
  7 orc priests
  3 iguanas
  Natasha (thrice) (D:2)
  8 orc wizards
  Robin (D:3)
  9 gnolls
  14 adders
  A shadow imp (D:7)
  An ufetubus (D:4)
  4 worms
  8 dart slugs
  42 orcs
  5 ball pythons
  A bat zombie (D:10)
  9 endoplasms
  2 giant cockroaches
  33 goblins
  11 hobgoblins
  8 jackals
  5 quokkas
  3 bats (D:2)
  38 kobolds
  6 rats
  2 rat zombies (D:10)
309 creatures vanquished.

Notes
Turn   | Place    | Note
-------+----------+-------------------------------------------
     0 | D:5      | drugrobin the Demigod Delver began the quest for the Orb.
     0 | D:5      | Reached XP level 1. HP: 18/18 MP: 3/3
    95 | D:3      | Noticed an orc priest
    98 | D:2      | Noticed Natasha
   109 | D:2      | Noticed a crimson imp
   193 | D:1      | Found a transporter.
   284 | D:1      | Reached skill level 2 in Unarmed Combat
   389 | D:1      | Reached XP level 2. HP: 24/25 MP: 4/4
   594 | D:1      | Reached skill level 3 in Unarmed Combat
  1096 | D:2      | Reached XP level 3. HP: 30/30 MP: 5/5
  1129 | D:2      | Learned a level 2 spell: Poisonous Vapours
  1528 | D:2      | Killed Natasha
  1529 | D:2      | Reached skill level 4 in Unarmed Combat
  1570 | D:2      | Reached XP level 4. HP: 37/37 MP: 6/6
  1817 | D:2      | Noticed Natasha
  1823 | D:2      | Killed Natasha
  2252 | D:2      | Noticed Natasha
  2255 | D:2      | Reached skill level 5 in Unarmed Combat
  2255 | D:2      | Reached XP level 5. HP: 42/42 MP: 7/7
  2261 | D:2      | Killed Natasha
  2814 | D:3      | Reached skill level 6 in Unarmed Combat
  2932 | D:3      | Noticed Robin
  2933 | D:3      | Reached XP level 6. HP: 50/50 MP: 8/8
  3182 | D:3      | Killed Robin
  3735 | D:4      | Reached skill level 7 in Unarmed Combat
  3859 | D:4      | Identified the +8 sling of Duty {heavy, rPois}
  4048 | D:4      | Reached XP level 7. HP: 40/56 MP: 9/9
  4247 | D:4      | Reached skill level 8 in Unarmed Combat
  4950 | D:5      | Reached skill level 9 in Unarmed Combat
  4997 | D:5      | Found a staircase to the Ecumenical Temple.
  5371 | D:6      | Reached XP level 8. HP: 62/62 MP: 10/10
  5636 | D:6      | Identified the +1 cloak of Understanding {rC+ Stlth+}
  5778 | D:5      | Reached skill level 10 in Unarmed Combat
  5778 | D:5      | Reached skill level 1 in Evocations
  5847 | D:6      | Noticed a two-headed ogre
  6379 | D:7      | Noticed bronco's ghost (novice KoHu)
  6380 | D:7      | Found a runed translucent gate.
  6381 | D:7      | Found a runed translucent gate.
  6381 | D:7      | Found a runed translucent gate.
  6772 | D:7      | Reached XP level 9. HP: 53/71 MP: 11/11
  7107 | D:7      | Noticed a kobold demonologist
  7122 | D:7      | Reached skill level 11 in Unarmed Combat
  7554 | D:6      | Reached skill level 5 in Fighting
  7782 | D:7      | Noticed Menkaure
  7805 | D:7      | Killed Menkaure
  7853 | D:7      | Killed a kobold demonologist
  7873 | D:7      | Reached skill level 12 in Unarmed Combat
  8194 | D:8      | Found a flagged portal.
  8221 | Bailey   | Entered a bailey
  8404 | Bailey   | Reached XP level 10. HP: 83/83 MP: 13/13
  8764 | D:8      | Found a staircase to the Lair.
  9835 | D:9      | Found Lyoxidgha's General Store.
  9841 | D:9      | Bought a scroll of enchant armour for 105 gold pieces
  9841 | D:9      | Bought a scroll of teleportation for 42 gold pieces
  9841 | D:9      | Bought a scroll of identify for 28 gold pieces
  9841 | D:9      | Bought a potion of berserk rage for 70 gold pieces
  9886 | D:9      | Identified the +1 robe "Xikuwaa" {rCorr Str+4}
 10631 | D:9      | Reached skill level 13 in Unarmed Combat
 10766 | D:10     | Entered Level 10 of the Dungeon
 11247 | D:10     | Noticed Harold
 11609 | D:10     | Mangled by Harold

Illustrated notes

Levels and vault maps discovered:
D:1:      spicycebolla_arrival_risky_transporter, layout_loops_ring,
          due_unseen_surprise
D:2:      minmay_razor_zed, layout_loops_corners, uniq_natasha
D:3:      kennysheep_goblin_castle, layout_basic, hangedman_decor_peaks_small
D:4:      minmay_opposing_rooms, layout_rooms, general_overflow_altar
D:5:      layout_gridville, lemuel_round_altar, minmay_temple_entry_purple_smoke
D:6:      layout_cave_pools, nicolae_qazlal_eye_of_the_storm
D:7:      layout_loops_ring, amethyst_overflow_temple_binary,
          ebering_ghost_rock_garden, minmay_manual_macuahuitl, uniq_menkaure
D:8:      layout_layer_cave, zin_treasury, lair_entry_dummy, enter_bailey_3
D:9:      layout_long_grid, mainiacjoe_overflow_alcove_1, lemuel_tele_altar,
          serial_shops, nicolae_shop_stone, minmay_misc_feat_more_columns,
          eino_tiny_chamber, hangedman_decor_lopped, minmay_misc_feat_hallway,
          nicolae_wwwww
D:10:     layout_big_octagon, tgw_xom, lemuel_zombie_altar_kikubaaqudgha,
          nicolae_overflow_hidden_temple, serial_shops, kennysheep_mini_moat,
          grunt_decor_clamped, uniq_harold

Skill      XL: |  1  2  3  4  5  6  7  8  9 10 |
---------------+-------------------------------+-----
Unarmed Combat | 2 3 4 5 6 7 9 10 12 13 | 13.5
Evocations     | 2 4 |  4.0
Fighting       | 3 5 7 |  7.2
Dodging        | |  1.7
Stealth        | |  4.5

Action                   |  1- 3 |  4- 6 |  7- 9 | 10-12 || total
-------------------------+-------+-------+-------+-------++-------
Melee: Unarmed           |    84 |   168 |   172 |    97 ||   521
       Punch             |     1 |    13 |    23 |     8 ||    45
       Dagger            |       |    43 |    91 |    46 ||   180
 Fire: Sling             |    37 |   108 |   137 |    81 ||   363
Throw: Dart              |       |       |     1 |       ||     1
       Boomerang         |       |       |     1 |       ||     1
 Cast: Poisonous Vapours |       |       |       |     2 ||     2
Evoke: Wand              |     1 |       |     5 |     2 ||     8
  Use: Potion            |       |     1 |       |       ||     1
       Scroll            |       |       |     1 |     9 ||    10
 Stab: Sleeping          |     4 |     3 |     2 |       ||     9
       Paralysed         |       |       |    10 |     2 ||    12
Armor: Ring mail         |    24 |    75 |    81 |     1 ||   181
       Robe              |       |       |       |    11 ||    11
       Leather armour    |       |       |       |    11 ||    11
       Skin              |       |       |       |     1 ||     1
Dodge: Dodged            |    35 |   211 |   259 |   163 ||   668

Table legend: (Time is in decaauts)
 A = Elapsed time spent in this place.
 B = Non-inter-level travel time spent in this place.
 C = Inter-level travel time spent in this place.
 D = Time resting spent in this place.
 E = Time spent auto-exploring this place.
 F = Levels seen in this place.
 G = Mean time per level.
                   A        B        C        D        E       F      G
               +--------+--------+--------+--------+--------+-----+--------+
         Total |  11751 |  11012 |    739 |   1332 |   5851 |  11 | 1068.3 |
       Dungeon |  11387 |  10648 |    739 |   1332 |   5715 |  10 | 1138.7 |
        Bailey |    363 |    363 |      0 |      0 |    136 |   1 |  363.0 |
               +--------+--------+--------+--------+--------+-----+--------+

Top non-repeatable levels by time:
     D:7: 1770 daAuts
     D:9: 1753 daAuts
     D:2: 1499 daAuts
     D:3: 1293 daAuts
     D:8: 1142 daAuts
     D:4: 1027 daAuts
     D:5: 1007 daAuts
     D:1: 861 daAuts
     D:6: 789 daAuts
  Bailey: 363 daAuts
    D:10: 242 daAuts
